 Dungeon Crawl Stone Soup version 0.30-a0-168-g0b976cbdc4 (webtiles) character file.

Game seed: 4586874325115441258

749 Iusername the Chopper (level 7, -3/60 HPs)
             Began as a Minotaur Fighter on Sept 29, 2022.
             Was an Initiate of Gozag.
             Killed from afar by an electric eel (6 damage)
             ... with a bolt of electricity
             ... on level 6 of the Dungeon.
             The game lasted 00:07:02 (5994 turns).

Iusername the Chopper (Minotaur Fighter)            Turns: 5994, Time: 00:07:02

Health: -3/60      AC: 11    Str: 23    XL:     7   Next: 48%
Magic:  6/6        EV: 10    Int:  5    God:    Gozag
Gold:   298        SH:  4    Dex:  9    Spells: 6/6 levels left

rFire   . . .      SeeInvis .    a - +0 war axe
rCold   . . .      Faith    .    c - +0 buckler
rNeg    . . .      Spirit   .    b - +0 scale mail
rPois   .          Reflect  .    (helmet restricted)
rElec   .          Harm     .    v - +0 cloak
rCorr   .          Rampage  .    (no gloves)
Will    .....                    i - +1 pair of boots
Stlth   ..........               f - amulet of the acrobat
HPRegen 0.20/turn                (no ring)
MPRegen 0.10/turn                (no ring)

@: no status effects
A: horns 2, retaliatory headbutt
a: Renounce Religion, Potion Petition, Call Merchant, Bribe Branch


You were on level 6 of the Dungeon.
You worshipped Gozag.
Gozag was aware of your devotion.
You visited 1 branch of the dungeon, and saw 6 of its levels.

You collected 298 gold pieces.

Inventory:

Hand Weapons
 a - a +0 war axe (weapon)
Armour
 b - a +0 scale mail (worn)
 c - a +0 buckler (worn)
 i - a +1 pair of boots (worn)
 v - a +0 cloak (worn)
Jewellery
 f - an amulet of the acrobat (around neck)
 h - a ring of protection from fire
 k - a ring of willpower
Scrolls
 n - a scroll of silence {unknown}
 q - a scroll of immolation
 r - 3 scrolls of magic mapping
 t - a scroll of butterflies {unknown}
 u - a scroll of noise
Potions
 d - 2 potions of brilliance
 e - a potion of resistance {unknown}
 g - 2 potions of lignification
 j - a potion of flight {unknown}
 l - 2 potions of attraction
 m - a potion of haste {unknown}
 o - a potion of magic {unknown}
 p - a potion of invisibility {unknown}
 s - a potion of curing {unknown}


   Skills:
 + Level 4.7 Fighting
 + Level 6.9 Axes
 + Level 6.1 Armour
 + Level 2.5 Dodging
 + Level 0.5 Stealth
 + Level 5.0 Shields


You had 6 spell levels left.
You didn't know any spells.
Your spell library contained the following spells:

 Spells                   Type           Power      Damage    Failure   Level
 Cigotuvi's Dreadful Rot  Necr/Pois/Air  0%         N/A       94%         2
 Call Canine Familiar     Summ           0%         N/A       99%         3
 Kindle Blastsparks       Fire/Tloc/Air  0%         2d10      99%         3
 Portal Projectile        Hex/Tloc       0%         N/A       99%         3
 Dispel Undead            Necr           0%         3d6       100%        4
 Fulminant Prism          Conj/Hex       0%         3d6       100%        4
 Iskenderun's Mystic Bla  Conj/Tloc      0%         2d3       100%        4
 Leda's Liquefaction      Hex/Erth       0%         N/A       100%        4
 Lee's Rapid Deconstruct  Erth           0%         3d5*      100%        5
 Death Channel            Necr           0%         N/A       100%        6


Dungeon Overview and Level Annotations

Branches:
Dungeon (6/15)             Temple (0/1) D:5

Altars:
Elyvilon
Fedhas
Gozag
The Shining One


Innate Abilities, Weirdness & Mutations

You have a pair of horns on your head.
You reflexively headbutt those who attack you in melee.


Message History

The electric eel is lightly wounded.
Your attacks no longer feel as feeble.
The gnoll is no longer distracted by gold.
The gnoll splashes around in the water.
The gnoll hits you from afar with a +0 spear.
You closely miss the electric eel.
The gnoll splashes around in the water. x2
The electric eel shoots out a bolt of lightning at you!
The bolt of electricity hits you!
Unknown command.
You closely miss the electric eel. Your headbutt misses the electric eel.
The gnoll completely misses you.
The gnoll splashes around in the water.
The electric eel shoots out a bolt of lightning at you!
The bolt of electricity hits you!
Unknown command.
You slash the electric eel! Your headbutt misses the electric eel.
The electric eel is almost dead.
The gnoll splashes around in the water.
The gnoll misses you.
The electric eel shoots out a bolt of lightning at you!
The bolt of electricity hits you!
Unknown command.
Unknown command.
You miss the electric eel.
The electric eel is almost dead.
The gnoll splashes around in the water.
The gnoll barely misses you.
The electric eel shoots out a bolt of lightning at you!
The bolt of electricity hits you!
The gnoll splashes around in the water.
The gnoll hits you but does no damage.
You completely miss the electric eel.
The electric eel is almost dead.
The gnoll splashes around in the water.
The gnoll hits you but does no damage.
You completely miss the electric eel. Your headbutt misses the electric eel.
The electric eel is almost dead.
The electric eel shoots out a bolt of lightning at you!
The bolt of electricity hits you!
* * * LOW HITPOINT WARNING * * *
You block the gnoll's attack. The gnoll hits you but does no damage.
The electric eel shoots out a bolt of lightning at you!
The bolt of electricity hits you.
You die...
Your body crumbles into a pile of gold.

#.......#.....##...).#.####
###..#.##..###..........#.##
##.#.....##......#.......#...
.....#?.##.....)#)##........
#...###########......########
....# ###!.. #......#..~~##.#
##...# #.P.(g###....###.~~..#
$ ....#
.##..≈≈#......#~≈~~.##
P..P~≈S@$......≈≈~~...#
#..~~g≈#$.....#~~~~.....
.P.~~.###....###.~~..#.P
##.~~~ #......#~~~~.#..#
.P..~≈≈........~~~~....P
...P~~≈#......#~~~~...##
#..~~.###....###.~~P...
..P~~≈ ...... ≈~.##. ~~
........ .##


You could see an electric eel and 2 gnolls.

Vanquished Creatures
  Menkaure (D:4)
  A black bear (D:4)
  An ogre (D:6)
  2 scorpions (D:5)
  A jelly (D:5)
  A gnoll bouda (D:6)
  An orc priest (D:5)
  A hound (D:4)
  4 adders
  7 gnolls
  A worm (D:2)
  A dart slug (D:4)
  11 orcs
  6 ball pythons
  3 bats
  7 endoplasms
  5 giant cockroaches
  10 goblins
  15 hobgoblins
  5 jackals
  8 quokkas
  2 frilled lizards
  14 kobolds
  4 rats
112 creatures vanquished.

Vanquished Creatures (others)
  A plant (D:6)
1 creature vanquished.

Grand Total: 113 creatures vanquished

Notes
Turn   | Place    | Note
-------+----------+-------------------------------------------
     0 | D:1      | Iusername the Minotaur Fighter began the quest for the Orb.
     0 | D:1      | Reached XP level 1. HP: 19/19 MP: 0/0
   801 | D:1      | Found a faded altar of an unknown god.
   803 | D:1      | Reached XP level 2. HP: 21/26 MP: 1/1
  1573 | D:2      | Reached XP level 3. HP: 33/33 MP: 2/2
  2241 | D:3      | Reached XP level 4. HP: 37/40 MP: 3/3
  2666 | D:4      | Noticed Menkaure
  2671 | D:4      | Killed Menkaure
  2672 | D:4      | Reached skill level 5 in Armour
  2672 | D:4      | Reached skill level 1 in Dodging
  2672 | D:4      | Reached XP level 5. HP: 46/46 MP: 4/4
  3241 | D:4      | Reached XP level 6. HP: 52/52 MP: 5/5
  3414 | D:4      | Reached skill level 5 in Axes
  3744 | D:4      | Found a faded altar of an unknown god.
  3744 | D:4      | Found a glowing golden altar of the Shining One.
  3752 | D:4      | Found a faded altar of an unknown god.
  3754 | D:4      | Found a white marble altar of Elyvilon.
  3756 | D:4      | Found a blossoming altar of Fedhas.
  3835 | D:4      | Prayed at the altar of an unknown god.
  3835 | D:4      | Became a worshipper of Gozag Ym Sagoz the Greedy
  3860 | D:5      | Entered Level 5 of the Dungeon
  4271 | D:5      | Reached XP level 7. HP: 30/60 MP: 6/6
  4645 | D:5      | Found a staircase to the Ecumenical Temple.
  5698 | D:5      | Found an opulent altar of Gozag.
  5940 | D:6      | Reached skill level 5 in Shields
  5994 | D:6      | HP: 3/60 [electric eel/bolt of electricity (17)]
  5994 | D:6      | Killed from afar by an electric eel

Illustrated notes

Levels and vault maps discovered:
D:1:      amcnicky_arrival_choice, layout_basic, basic_ecumenical_altar
D:2:      layout_basic
D:3:      layout_rooms, serial_bayou_pond_e
D:4:      corexii_shantytown, layout_cave_pools,
          chequers_temple_overflow_minitemple, serial_column_ruins,
          column_ruins_hut_water, column_ruins_circle_small,
          column_ruins_open_tiny, column_ruins_corridor_water,
          column_ruins_grid_3, column_ruins_corridor_water, uniq_menkaure
D:5:      layout_basic, lemuel_coloured_pillars_altar,
          minmay_temple_entry_proselytizer, glass_columns_c
D:6:      wad_lake_hut, layout_cave_pools, mainiacjoe_overflow_boulevard,
          uniq_maggie, uniq_grinder

Skill      XL: |  1  2  3  4  5  6  7 |
---------------+----------------------+-----
Shields        | 4 5 |  5.0
Armour         | 4 5 6 |  6.1
Axes           | 3 4 6 |  6.9
Fighting       | 4 |  4.7
Dodging        | 1 2 |  2.5
Stealth        | |  0.5

Action                   |  1- 3 |  4- 6 |  7- 9 || total
-------------------------+-------+-------+-------++-------
Melee: War axe           |    97 |   140 |    41 ||   278
       Headbutt          |    13 |    24 |     7 ||    44
  Use: Scroll            |     4 |     1 |     3 ||     8
       Potion            |       |     1 |     2 ||     3
Armor: Scale mail        |    49 |    58 |     7 ||   114
       Skin              |       |       |     6 ||     6
Dodge: Dodged            |    45 |    84 |    29 ||   158
Block: Buckler           |    22 |    35 |     3 ||    60

Table legend: (Time is in decaauts)
 A = Elapsed time spent in this place.
 B = Non-inter-level travel time spent in this place.
 C = Inter-level travel time spent in this place.
 D = Time resting spent in this place.
 E = Time spent auto-exploring this place.
 F = Levels seen in this place.
 G = Mean time per level.
                   A        B        C        D        E       F      G
               +--------+--------+--------+--------+--------+-----+--------+
         Total |   6084 |   5906 |    178 |   1905 |   3193 |   6 | 1014.0 |
       Dungeon |   6084 |   5906 |    178 |   1905 |   3193 |   6 | 1014.0 |
               +--------+--------+--------+--------+--------+-----+--------+

Top non-repeatable levels by time:
     D:5: 2069 daAuts
     D:4: 1373 daAuts
     D:1: 1334 daAuts
     D:2: 724 daAuts
     D:3: 500 daAuts
     D:6: 82 daAuts
